 Dungeon Crawl Stone Soup version 0.29.1-12-g30fa7ad0bf (webtiles) character file.

Game seed: 4361478252772685136

66 soggyman666 the Trooper (level 4, 0/40 HPs)
             Began as a Hill Orc Fighter on Dec 25, 2022.
             Slain by an orc
             ... wielding a +0 mace
              (4 damage)
             ... on level 3 of the Dungeon.
             The game lasted 00:01:43 (1513 turns).

soggyman666 the Trooper (Hill Orc Fighter)          Turns: 1513, Time: 00:01:43

Health: 0/40       AC:  7    Str: 20    XL:     4   Next: 15%
Magic:  4/4        EV:  9    Int:  8    God:
Gold:   129        SH:  4    Dex: 10    Spells: 3/3 levels left

rFire   . . .      SeeInvis .   a - +0 war axe
rCold   . . .      Faith    .   c - +0 buckler
rNeg    . . .      Spirit   .   b - +0 scale mail
rPois   .          Reflect  .   (no helmet)
rElec   .          Harm     .   (no cloak)
rCorr   .          Rampage  .   (no gloves)
Will    .....                   (no boots)
Stlth   ..........              (no amulet)
HPRegen 0.13/turn               (no ring)
MPRegen 0.09/turn               (no ring)

@: mighty, lethally poisoned (0 -> -3)
A: no striking features
a: no special abilities


You were on level 3 of the Dungeon.
You visited 1 branch of the dungeon, and saw 3 of its levels.

You collected 129 gold pieces.

Inventory:

Hand Weapons
 a - a +0 war axe (weapon)
Armour
 b - a +0 scale mail (worn)
 c - a +0 buckler (worn)
Scrolls
 g - 4 scrolls of identify {unknown}
 h - a scroll of vulnerability {unknown}
 i - a scroll of fear {unknown}
 k - a scroll of teleportation {unknown}
 l - a scroll of poison {unknown}
Potions
 e - a potion of curing {unknown}
 f - a potion of invisibility {unknown}
 j - 2 potions of attraction {unknown}


   Skills:
 + Level 4.2 Fighting
 + Level 3.7 Axes
 + Level 3.9 Armour
 + Level 0.5 Dodging
 + Level 3.8 Shields


You had 3 spell levels left.
You didn't know any spells.
Your spell library contained the following spells:

 Spells                   Type           Power      Damage    Failure   Level
 Shock                    Conj/Air       0%         1d3       85%         1
 Swiftness                Air            0%         N/A       99%         3
 Airstrike                Air            0%         2d(0-16)  100%        4


Dungeon Overview and Level Annotations

Branches:
Dungeon (3/15)

Altars:


Message History

The kobold hits you but does no damage.
An orc comes into view. It is wielding a +0 flail.
You miss the kobold.
The kobold is heavily wounded.
You slash the scorpion! You hit the adder.
You feel very sick. The adder bites you but does no damage.
The scorpion closely misses you. The kobold hits you with a +0 whip.
The orc hits you from afar with a +0 trident.
* * * LOW HITPOINT WARNING * * *
The adder bites you but does no damage. The scorpion closely misses you.
You are too injured to fight recklessly!
Unknown command.
You are too injured to fight recklessly!
Unknown command.
You are too injured to fight recklessly!
Unknown command.
You are too injured to fight recklessly!
Sorry, you're not good enough to have a special ability.
You feel very mighty all of a sudden.
You feel sick. The orc hits you with a +0 mace.
* * * LOW HITPOINT WARNING * * *
The kobold closely misses you. The orc closely misses you.
The adder closely misses you. The scorpion barely misses you.
You are too injured to fight recklessly!
Unknown command.
You are too injured to fight recklessly!
You are too injured to fight recklessly!
You are too injured to fight recklessly!
You are too injured to fight recklessly!
You are too injured to fight recklessly!
You closely miss the scorpion.
The scorpion is severely wounded.
You slash the kobold!
You kill the kobold!
You hit the orc. You hit the adder.
You kill the adder!
* * * LOW HITPOINT WARNING * * *
You feel sick. The orc hits you with a +0 mace.
You die...

##...>........
............
#.......#
#[...<.#
#......# .
##...### ..#
###.###....
#..###.o......
#....@s...o..
.......)†o.....
.........o.....
..........!..#.
...............
###..........#.
.............
####......#...


You could see a scorpion, an orc wizard and 3 orcs.

Vanquished Creatures
  Jessica (D:2)
  2 adders
  A dart slug (D:1)
  3 endoplasms
  A giant cockroach (D:1)
  2 goblins
  4 hobgoblins
  2 jackals (D:1)
  6 kobolds
  A quokka (D:1)
  3 ball pythons (D:2)
  3 frilled lizards (D:2)
  2 rats (D:2)
31 creatures vanquished.

Notes
Turn   | Place    | Note
-------+----------+-------------------------------------------
     0 | D:1      | soggyman666 the Hill Orc Fighter began the quest for the
                  | Orb.
     0 | D:1      | Reached XP level 1. HP: 19/19 MP: 1/1
   188 | D:1      | Reached XP level 2. HP: 27/27 MP: 2/2
   732 | D:2      | Reached skill level 4 in Fighting
   732 | D:2      | Reached XP level 3. HP: 22/33 MP: 3/3
   876 | D:2      | Noticed Jessica
   882 | D:2      | Killed Jessica
   946 | D:2      | Reached XP level 4. HP: 40/40 MP: 4/4
  1504 | D:3      | Noticed a scorpion
  1513 | D:3      | Slain by an orc

Illustrated notes

Levels and vault maps discovered:
D:1:      dpeg_arrival_pond, layout_basic
D:2:      layout_basic, uniq_jessica
D:3:      layout_rooms

Skill      XL: |  1  2 |
---------------+-------+-----
Axes           | 3 |  3.7
Fighting       | 4 |  4.2
Armour         | |  3.9
Dodging        | |  0.5
Shields        | |  3.8

Action                   |  1- 3 |  4- 6 || total
-------------------------+-------+-------++-------
Melee: War axe           |    88 |    36 ||   124
  Use: Potion            |       |     1 ||     1
Armor: Scale mail        |    52 |    17 ||    69
Dodge: Dodged            |    46 |    24 ||    70
Block: Buckler           |    18 |     6 ||    24
